 Dungeon Crawl Stone Soup version 0.29-a0-40-g8eb35efe60 (webtiles) character file.

Game seed: 5466791097113005998

246497 siradein the Stormcaller (level 18, 0/163 HPs)
             Began as a Black Draconian Conjurer on Feb 1, 2022.
             Was the Champion of Vehumet.
             Killed from afar by an ironbound thunderhulk (11 damage)
             ... with a bolt of lightning
             ... led by a vault warden
             ... on level 2 of the Vaults on Feb 2, 2022.
             The game lasted 05:19:59 (57840 turns).

siradein the Stormcaller (DrCj)                    Turns: 57840, Time: 05:19:59

Health: 0/163      AC: 21    Str: 12    XL:     18   Next: 79%
Magic:  13/46      EV: 18    Int: 29    God:    Vehumet [******]
Gold:   1492       SH: 10    Dex: 15    Spells: 10/47 levels left

rFire   + . .      SeeInvis +   w - staff of air
rCold   + . .      Faith    .   i - +1 kite shield {AC+3}
rNeg    + . .      Spirit   .   (armour unavailable)
rPois   .          Reflect  .   O - +2 hat {SInv}
rElec   +          Harm     .   N - +2 cloak
rCorr   .          Rampage  .   q - +0 pair of gloves {Str+3}
Will    +....                   l - +1 pair of boots
Stlth   ++........              s - amulet of magic regeneration
HPRegen 0.37/turn               G - ring "Pesh" {rN+ MP+9 Int+2}
MPRegen 0.70/turn               Z - ring of Limitation {Wiz rF+ rC+ Dex+5}

@: marked, flying, studying Fighting
A: breathe lightning, AC +10, unfitting armour, big wings, electricity
resistance, cold-blooded, screaming 1
}: 2/15 runes: barnacled, gossamer
a: Breathe Lightning, Renounce Religion


You were on level 2 of the Vaults.
You worshipped Vehumet.
Vehumet was exalted by your worship.
You visited 7 branches of the dungeon, and saw 34 of its levels.
You also visited: Bailey, Gauntlet and Ice Cave.

You collected 3370 gold pieces.
You spent 1878 gold pieces at shops.

Inventory:

Armour
 b - a +2 kite shield of positive energy
 i - a +1 kite shield of protection (worn)
 l - a +1 pair of boots (worn)
 q - a +0 pair of gloves of strength (worn)
 N - a +2 cloak (worn)
 O - a +2 hat of see invisible (worn)
Magical Staves
 w - a staff of air (weapon)
 E - a staff of cold
 P - a staff of conjuration
Jewellery
 h - the ring of Pesimm {Wiz rElec rPois rC+ Int+3}
   (You took it off a merfolk on level 4 of the Shoals)

   [ring of wizardry]

   It improves your spell success rate.
   Int:       It affects your intelligence (+3).
   rC:        It protects you from cold.
   rElec:     It insulates you from electricity.
   rPois:     It protects you from poison.
 s - an amulet of magic regeneration (around neck)
 t - a ring of protection from fire
 C - the ring of Ignis's Condemnation {rCorr AC+4 Int+3 Dex-4}
   (You found it on level 6 of the Lair of Beasts)

   [ring of protection]

   AC:        It affects your AC (+4).
   Int:       It affects your intelligence (+3).
   Dex:       It affects your dexterity (-4).
   rCorr:     It protects you from acid and corrosion.
 G - the ring "Pesh" (left hand) {rN+ MP+9 Int+2}
   (You found it in a Gauntlet)

   [ring of magical power]

   Int:       It affects your intelligence (+2).
   rN:        It protects you from negative energy.
   MP:        It affects your magic capacity (+9).
 Z - the ring of Limitation (right hand) {Wiz rF+ rC+ Dex+5}
   (You found it in a Gauntlet)

   [ring of wizardry]

   It improves your spell success rate.
   Dex:       It affects your dexterity (+5).
   rF:        It protects you from fire.
   rC:        It protects you from cold.
Wands
 g - a wand of charming (11)
 u - a wand of paralysis (18)
 y - a wand of iceblast (42)
 H - a wand of mindburst (18)
 K - a wand of acid (10)
 V - a wand of flame (52)
 X - a wand of digging (6)
 Y - a wand of polymorph (9)
Scrolls
 a - 5 scrolls of immolation
 d - 10 scrolls of fog
 f - 12 scrolls of teleportation
 j - 2 scrolls of magic mapping
 n - 5 scrolls of enchant weapon
 v - 4 scrolls of brand weapon
 A - 7 scrolls of amnesia
 B - a scroll of identify
 F - 4 scrolls of fear {unknown}
 L - 2 scrolls of silence {unknown}
 R - 4 scrolls of blinking {unknown}
 T - 2 scrolls of noise {unknown}
Potions
 c - a potion of invisibility {unknown}
 e - 12 potions of curing
 k - 8 potions of might
 m - 5 potions of brilliance
 o - 5 potions of heal wounds
 p - 5 potions of haste
 r - 3 potions of resistance
 x - 2 potions of flight {unknown}
 z - 4 potions of mutation {unknown}
 D - 4 potions of berserk rage {unknown}
 J - 6 potions of ambrosia
 M - 2 potions of degeneration {unknown}
 W - 2 potions of lignification {unknown}
Miscellaneous
 I - a phial of floods
 Q - a box of beasts
 S - a lightning rod (4/4)
 U - a tin of tremorstones (2/2)


   Skills:
 + Level 15.0 Fighting
 + Level 15.3 Dodging
 - Level 1.7 Stealth
 + Level 3.3 Shields
 + Level 15.3 Spellcasting
 + Level 16.9 Conjurations
 + Level 17.8 Air Magic
 + Level 9.1 Evocations


You had 10 spell levels left.
You knew the following spells:

 Your Spells              Type           Power      Damage    Failure   Level
a - Freezing Cloud        Conj/Ice/Air   47%        6-21      1%          5
b - Searing Ray           Conj           100%       2d8       0%          2
c - Swiftness             Air            100%       N/A       0%          3
d - Iskenderun's Mystic   Conj/Tloc      63%        2d13      1%          4
e - Chain Lightning       Conj/Air       55%        3d74      45%         9
f - Mephitic Cloud        Conj/Pois/Air  94%        N/A       1%          3
g - Airstrike             Air            56%        N/A       1%          4
h - Lightning Bolt        Conj/Air       55%        1d77      1%          5
i - Blink                 Tloc           44%        N/A       4%          2

Your spell library contained the following spells:

 Spells                   Type           Power      Damage    Failure   Level
 Maxwell's Capacitive Co  Air            56%        ∞         3%          8
 Ignition                 Fire           11%        3d5       100%        8
 Magic Dart               Conj           100%       1d8       0%          1
 Shock                    Conj/Air       100%       1d9       0%          1
 Static Discharge         Conj/Air       100%       N/A       0%          2
 Freeze                   Ice            88%        1d10      1%          1
 Scorch                   Fire           44%        2d7       1%          2
 Dazzling Flash           Conj/Hex       100%       N/A       1%          3
 Stone Arrow              Conj/Erth      100%       3d13      1%          3
 Flame Wave               Conj/Fire      63%        2d12      1%          4
 Fulminant Prism          Conj/Hex       31%        3d16      1%          4
 Hailstorm                Conj/Ice       63%        3d13      1%          4
 Sticky Flame             Conj/Fire      63%        2d8       1%          4
 Summon Lightning Spire   Summ/Air       84%        N/A       1%          4
 Conjure Ball Lightning   Conj/Air       55%        3x3d20    1%          6
 Orb of Destruction       Conj           44%        9d12      1%          7
 Animate Skeleton         Necr           44%        N/A       2%          1
 Beastly Appendage        Tmut           44%        N/A       2%          1
 Pain                     Necr           88%        1d8       2%          1
 Frozen Ramparts          Ice            44%        1d6       2%          3
 Ensorcelled Hibernation  Hex/Ice        44%        N/A       4%          2
 Passwall                 Tmut/Erth      18%        N/A       4%          2
 Wereblood                Tmut           22%        N/A       4%          2
 Starburst                Conj/Fire      31%        6d10      4%          6
 Gell's Gravitas          Tloc           22%        N/A       9%          3
 Lesser Beckoning         Tloc           22%        N/A       9%          3
 Spider Form              Tmut/Pois      22%        N/A       9%          3
 Summon Guardian Golem    Hex/Summ       22%        N/A       9%          3
 Teleport Other           Tloc           22%        N/A       9%          3
 Vampiric Draining        Necr           22%        2d7       9%          3
 Yara's Violent Unravell  Hex/Tmut       11%        3d6       19%         5
 Spellforged Servitor     Conj/Summ      31%        N/A       19%         7
 Anguish                  Hex/Necr       11%        N/A       26%         4
 Dispel Undead            Necr           22%        3d12      26%         4
 Petrify                  Tmut/Erth      22%        N/A       26%         4
 Summon Ice Beast         Ice/Summ       22%        N/A       26%         4
 Storm Form               Tmut/Air       42%        N/A       47%         7
 Manifold Assault         Tloc           22%        N/A       56%         5
 Metabolic Englaciation   Hex/Ice        11%        N/A       56%         5
 Lehudib's Crystal Spear  Conj/Erth      31%        10d8      73%         8
 Simulacrum               Ice/Necr       11%        N/A       98%         6
 Statue Form              Tmut/Erth      14%        N/A       98%         6
 Summon Cactus Giant      Summ           11%        N/A       98%         6
 Haunt                    Necr/Summ      11%        N/A       100%        7
 Malign Gateway           Summ/Tloc      11%        N/A       100%        7
 Discord                  Hex            11%        N/A       100%        8
 Disjunction              Tloc           11%        N/A       100%        8
 Summon Horrible Things   Summ           11%        N/A       100%        8
 Dragon's Call            Summ           11%        N/A       100%        9
 Fire Storm               Conj/Fire      31%        8d8       100%        9
 Polar Vortex             Ice            11%        N/A       100%        9
 Shatter                  Erth           11%        3d12*     100%        9
 Animate Armour           Summ/Erth      Unusable   N/A       N/A         4

Dungeon Overview and Level Annotations

Branches:
Dungeon (15/15)            Temple (1/1) D:4            Lair (6/6) D:9
 Shoals (4/4) Lair:3       Spider (4/4) Lair:3        Slime (0/5) Lair:5
    Orc (2/2) D:9             Elf (0/3) Orc:2        Vaults (1/5) D:13
  Crypt (0/3) Vaults:2     Depths (0/4) D:15         Bailey (visited)
  IceCv (visited)         Gauntlet (visited)

Altars:
Ashenzari
Cheibriados
Gozag
Makhleb
Nemelex Xobeh
Okawaru
Qazlal
Ru
Trog
Vehumet
Yredelemnul
Zin
The Shining One
Jiyva

Shops:
D:1 *   D:11 (   D:12 *([   Orc:2 *(:[(=:*(   Shoals:1 *:   Shoals:3 =


Innate Abilities, Weirdness & Mutations

You can breathe wild blasts of lightning.
Your glossy black scales are hard. (AC +10)
You cannot fit into any form of body armour.
Your large and strong wings let you fly.
You are resistant to electric shocks. (rElec)
You are cold-blooded and may be slowed by cold attacks.
You occasionally shout uncontrollably at your foes.


Message History

The vault sentinel blows a loud note on a signal horn!
Casting: Iskenderun's Mystic Blast (safe; 1% risk of failure)
Confirm with . or Enter, or press ? or * to list all spells.
You erupt in a blast of force!
The mystic blast hits the ironbound thunderhulk!!
The ironbound thunderhulk is severely wounded.
The ironbound thunderhulk is knocked back by the mystic blast.
The mystic blast hits the ironbound convoker!!
The ironbound convoker is almost dead.
The ironbound convoker is knocked back by the mystic blast.
The ironbound convoker collides with the ironbound thunderhulk!
The ironbound thunderhulk is moderately wounded.
The mystic blast hits the vault warden!
You kill the vault warden!
Vehumet accepts your kill.
You feel your power returning.
The runic seal fades away.
The mystic blast hits the ironbound frostheart!
The ironbound frostheart is moderately wounded.
The ironbound frostheart is knocked back by the mystic blast.
Strange energies crackle from the ironbound thunderhulk's apparatus.
The ironbound thunderhulk blinks!
The vault sentinel gestures at you while chanting.
You barely resist.
Unknown command.
Casting: Iskenderun's Mystic Blast (safe; 1% risk of failure)
Confirm with . or Enter, or press ? or * to list all spells.
You erupt in a blast of force!
The mystic blast hits the ironbound thunderhulk.
The ironbound thunderhulk is heavily wounded.
The ironbound thunderhulk is knocked back by the mystic blast.
The mystic blast hits the ironbound convoker!
You kill the ironbound convoker!
Vehumet accepts your kill.
You feel your power returning.
The mystic blast hits the ironbound frostheart!
The ironbound frostheart is severely wounded.
The ironbound frostheart is knocked back by the mystic blast.
Electricity crackles from the ironbound thunderhulk's apparatus.
The bolt of lightning hits you! You resist.
You die...

*********########################
,,,,,,,,,........................
,,,,,,,,,.......@....p...........
**,,,,,,,.....(...)§§§§§.........
*,,,,,,,.........§°.☼§..........
**,,,,,,,.......)>§☼§§§§.........
**,,,,,,,.........Op§.§O.........
**,,,,,,,.....p..................
**,,,,,,,........................
**,,,,,,,..........).....########
**,,,,,,,,,,,,,,,,,,,,,,,*,,,,,,+


You could see 2 ironbound thunderhulks, 2 ironbound frosthearts and a vault
sentinel.

Vanquished Creatures
  Arachne (Spider:3)
  Jorgrun (Shoals:1)
  Asterion (Spider:2)
  Polyphemus (Shoals:3)
  Gastronok (D:9)
  Kirke (Shoals:3)
  Donald (Spider:4)
  Ilsuiw (Shoals:3)
  A frost giant (Shoals:4)
  A fire giant (Vaults:1)
  The ghost of rjrrt the Executioner, a journeyman MiBe of Trog (Orc:2)
  6 emperor scorpions
  5 ghost moths
  4 vault wardens
  Louise (Shoals:1)
  An orc warlord (Orc:2)
  A curse skull (Vaults:2)
  4 ironbound preservers (Vaults:1)
  4 broodmothers
  An ironbound thunderhulk (Vaults:1)
  3 spark wasps
  A minotaur (Gauntlet)
  3 entropy weavers
  2 fire dragons
  3 merfolk javelineers
  2 yaktaur captains (Vaults:1)
  7 merfolk impalers (Shoals:4)
  A great orb of eyes (Gauntlet)
  A jiangshi (Vaults:2)
  3 jorogumos
  An ice dragon (D:15)
  7 boulder beetles
  3 merfolk avatars
  Erolcha (D:11)
  3 hydras
  2 vault guards
  An ironbound frostheart (Vaults:2)
  7 centaur warriors
  2 alligator snapping turtles (Shoals:4)
  A catoblepas (Shoals:3)
  2 radroaches
  2 death knights
  4 merfolk aquamancers
  2 satyrs
  8 two-headed ogres
  15 death yaks
  Urug (D:12)
  7 orc high priests
  A skeletal warrior (Vaults:2)
  2 pharaoh ants
  A shadow wraith (D:13)
  8 orb spiders
  2 sun moths
  A fire crab (shapeshifter) (D:14)
  11 sea snakes
  14 deep trolls
  4 steelbarb worms
  2 wizards
  An orange crystal statue (D:13)
  A lindwurm (Lair:6)
  4 ironbound convokers
  6 orc sorcerers
  9 wolf spiders
  2 deep elf pyromancers
  An oklob plant (Lair:1)
  6 orc knights
  18 harpies
  11 fauns
  10 manticores
  15 ugly things
  10 cyclopes
  3 moths of wrath
  A guardian serpent (shapeshifter) (D:12)
  5 black mambas
  14 merfolk sirens
  Maurice (D:12)
  11 elephants
  2 ice statues (IceCv)
  3 vault sentinels (Vaults:1)
  3 molten gargoyles (Lair:6)
  10 cane toads
  4 torpor snails
  3 water nymphs
  9 demonic crawlers
  An unseen horror (D:13)
  A kobold demonologist (D:11)
  8 rime drakes
  4 yaktaurs (Vaults:1)
  12 komodo dragons
  31 merfolk
  12 trolls
  7 meliai
  Grinder (D:3)
  6 wind drakes
  A polar bear (Lair:6)
  Prince Ribbit (D:5)
  21 tarantellas
  17 blink frogs
  7 dream sheep
  20 slime creatures
  6 snapping turtles
  39 jumping spiders
  3 shadows
  Sigmund (D:6)
  23 culicivoras
  10 wyverns
  A dire elephant simulacrum (IceCv)
  40 yaks
  A vampire (D:12)
  10 basilisks
  9 water elementals
  A hog (Shoals:3)
  9 vampire mosquitoes
  A steam dragon (Lair:6)
  50 redbacks
  5 wargs
  2 acid dragons
  10 water moccasins
  4 hell hounds (Lair:6)
  36 orc warriors
  An ice beast (D:5)
  A black bear (Lair:2)
  5 ogres
  29 centaurs
  18 wolves
  A phantom (D:6)
  9 kobold brigands
  The ghost of YungCoward the Digger, an amateur GrEE (D:4)
  6 bullfrogs
  2 scorpions
  A gnoll sergeant (D:9)
  A cane toad simulacrum (IceCv)
  A water moccasin skeleton (D:6)
  44 killer bees
  4 wights (D:9)
  3 howler monkeys
  3 electric eels
  5 lava snakes (Lair:6)
  4 centaur zombies
  5 hounds
  A bullfrog skeleton (D:6)
  2 jellies
  14 orc priests
  A gnoll shaman (D:4)
  A scorpion zombie (D:5)
  2 iguanas (D:4)
  6 hell rats (Lair:6)
  17 orc wizards
  A polar bear simulacrum (IceCv)
  A wolf simulacrum (IceCv)
  A hound skeleton (D:4)
  A howler monkey zombie (D:6)
  10 gnolls
  2 howler monkey skeletons
  10 adders
  3 shadow imps (D:8)
  An adder zombie (D:5)
  2 worms
  6 dart slugs
  93 orcs
  3 ball pythons
  4 endoplasms
  9 giant cockroaches
  5 goblins
  6 hobgoblins
  6 jackals
  11 kobolds
  3 quokkas
  2 bats (D:1)
  5 frilled lizards
  12 rats
1138 creatures vanquished.

Vanquished Creatures (collateral kills)
  A jorogumo (Spider:3)
  A culicivora (Spider:3)
  2 ball lightnings (Lair:3)
4 creatures vanquished.

Vanquished Creatures (others)
  A wizard (D:6)
  2 humans (Shoals:3)
  24 ball lightnings
  36 fulminant prisms
  66 fungi
  220 plants
349 creatures vanquished.

Grand Total: 1491 creatures vanquished

Notes
Turn   | Place    | Note
-------+----------+-------------------------------------------
     0 | D:1      | siradein the Draconian Conjurer began the quest for the
                  | Orb.
     0 | D:1      | Reached XP level 1. HP: 14/14 MP: 3/3
     1 | D:1      | Found a runed translucent door.
     2 | D:1      | Noticed a jelly
   612 | D:1      | Found Nutyrr's General Store.
   614 | D:1      | Reached XP level 2. HP: 20/20 MP: 0/5
   617 | D:1      | Learned a level 2 spell: Searing Ray
   669 | D:1      | Bought a scroll of identify for 28 gold pieces
  1528 | D:1      | Reached XP level 3. HP: 26/26 MP: 3/6
  1711 | D:1      | Reached XP level 4. HP: 33/33 MP: 3/8
  1961 | D:1      | Found Nutyrr's General Store.
  3567 | D:2      | Reached XP level 5. HP: 38/38 MP: 7/9
  3572 | D:2      | Learned a level 4 spell: Fulminant Prism
  4510 | D:3      | Reached skill level 5 in Conjurations
  4593 | D:3      | Noticed Grinder
  4595 | D:3      | Paralysed by Grinder for 4 turns
  4604 | D:3      | Paralysed by Grinder for 4 turns
  4610 | D:3      | Killed Grinder
  4611 | D:3      | Reached XP level 6. HP: 15/45 MP: 0/12
  5031 | D:4      | Found a runed translucent door.
  5069 | D:4      | Noticed YungCoward's ghost (amateur GrEE)
  5260 | D:4      | Found a staircase to the Ecumenical Temple.
  5269 | Temple   | Entered the Ecumenical Temple
  5312 | Temple   | Became a worshipper of Vehumet
  5464 | D:4      | Your scales start taking on a glossy black colour.
  5464 | D:4      | Reached XP level 7. HP: 50/50 MP: 5/13
  5464 | D:4      | Gained mutation: You are resistant to electric shocks.
                  | (rElec) [Black Draconian growth]
  6380 | D:4      | Learned a level 4 spell: Iskenderun's Mystic Blast
  6411 | D:4      | Killed YungCoward's ghost
  6412 | D:4      | Reached skill level 5 in Spellcasting
  6604 | D:5      | Entered Level 5 of the Dungeon
  6610 | D:5      | Reached skill level 5 in Dodging
  6679 | D:5      | Noticed a two-headed ogre
  6709 | D:5      | Reached XP level 8. HP: 57/57 MP: 12/15
  6713 | D:5      | Reached * piety under Vehumet
  6713 | D:5      | Offered knowledge of Sandblast by Vehumet.
  7885 | D:6      | Found a bloodstained altar of Trog.
  7889 | D:6      | Noticed a wizard
  7892 | D:6      | Killed a wizard
  8070 | D:6      | Noticed Prince Ribbit
  8120 | D:5      | Killed Prince Ribbit
  8201 | D:6      | Noticed Sigmund
  8217 | D:6      | Killed Sigmund
  8218 | D:6      | Reached XP level 9. HP: 54/62 MP: 13/18
  8452 | D:6      | Learned a level 9 spell: Chain Lightning
  8501 | D:7      | Reached skill level 1 in Air Magic
  8710 | D:7      | Found a flagged portal.
  8725 | D:7      | Noticed a cyclops
  8986 | D:7      | Killed a cyclops
  8987 | D:7      | Reached skill level 2 in Air Magic
  9078 | Bailey   | Entered a bailey
  9116 | Bailey   | Reached skill level 3 in Air Magic
  9120 | Bailey   | Offered knowledge of Static Discharge by Vehumet.
  9134 | Bailey   | Reached ** piety under Vehumet
  9706 | Bailey   | Reached skill level 4 in Air Magic
 10502 | Bailey   | Reached XP level 10. HP: 22/69 MP: 9/21
 11749 | D:7      | Reached skill level 5 in Air Magic
 12451 | D:7      | Offered knowledge of Mephitic Cloud by Vehumet.
 12456 | D:7      | Learned a level 3 spell: Mephitic Cloud
 12796 | D:8      | Reached *** piety under Vehumet
 13126 | D:8      | Paralysed by an orc wizard for 4 turns
 13327 | D:9      | Noticed Gastronok
 13623 | D:9      | Reached skill level 6 in Air Magic
 13782 | D:9      | Offered knowledge of Ignite Poison by Vehumet.
 13965 | D:9      | Noticed a two-headed ogre
 13982 | D:9      | Killed a two-headed ogre
 14227 | D:9      | Killed Gastronok
 14228 | D:9      | Reached skill level 10 in Conjurations
 14228 | D:9      | Reached skill level 7 in Air Magic
 14228 | D:9      | Reached XP level 11. HP: 66/74 MP: 13/23
 14458 | D:9      | Found a staircase to the Lair.
 14503 | D:9      | Found a staircase to the Orcish Mines.
 15020 | D:10     | Entered Level 10 of the Dungeon
 15174 | D:10     | Reached **** piety under Vehumet
 15271 | D:10     | Learned a level 4 spell: Airstrike
 15413 | D:10     | Offered knowledge of Sticky Flame by Vehumet.
 15736 | D:10     | Noticed a boulder beetle
 15832 | D:10     | Noticed an orc knight
 15904 | D:10     | Killed an orc knight
 16174 | D:10     | Reached skill level 8 in Air Magic
 16696 | D:11     | Noticed a two-headed ogre
 16699 | D:11     | Killed a two-headed ogre
 16699 | D:11     | Noticed a two-headed ogre
 16700 | D:11     | Noticed Erolcha
 16766 | D:11     | Got Viroer's Disquisition on Fetching Black Secrets
 17215 | D:11     | Reached skill level 9 in Air Magic
 17280 | D:11     | Identified the ring "Uwnem" {Contam rN+ rCorr MP+9}
 17318 | D:11     | Killed a two-headed ogre
 17730 | D:11     | Got the Disquisition on Igneous Darkness
 17848 | D:11     | Killed Erolcha
 17878 | D:11     | Reached XP level 12. HP: 63/81 MP: 7/25
 18249 | D:11     | Found Hoaw's Antique Weapon Shop.
 18621 | Lair:1   | Entered Level 1 of the Lair of Beasts
 18638 | Lair:1   | Reached skill level 10 in Spellcasting
 18682 | Lair:1   | Reached skill level 10 in Dodging
 18688 | Lair:1   | Reached ***** piety under Vehumet
 18917 | Lair:1   | Offered knowledge of Orb of Destruction by Vehumet.
 18921 | Lair:1   | Reached skill level 10 in Air Magic
 19871 | Lair:2   | Noticed a four-headed hydra
 19879 | Lair:2   | Killed a four-headed hydra
 19880 | Lair:2   | Found a frozen archway.
 19910 | IceCv    | Entered an ice cave
 19989 | IceCv    | Found a transporter.
 20003 | IceCv    | Found a transporter.
 20565 | IceCv    | Reached skill level 11 in Air Magic
 20754 | IceCv    | Got the Papyrus of the Glacier and Confrontation
 20823 | Lair:2   | Noticed a boulder beetle
 21148 | Lair:2   | Killed a boulder beetle
 21872 | Lair:2   | Reached XP level 13. HP: 86/86 MP: 25/28
 22041 | Lair:3   | Learned a level 6 spell: Conjure Ball Lightning
 22240 | Lair:3   | Identified the +10 short sword "Pendulum" {vorpal, rN+
                  | Str+5}
 22330 | Lair:3   | Found a hole to the Spider Nest.
 22490 | Lair:3   | Offered knowledge of Hailstorm by Vehumet.
 23167 | Lair:3   | Identified the +1 ring mail "Wacosanu" {rPois Will+}
 23314 | Lair:3   | Found a staircase to the Shoals.
 23846 | Lair:4   | Reached skill level 12 in Air Magic
 25019 | Lair:5   | Found a viscous altar of Jiyva.
 25023 | Lair:5   | Found a staircase to the Slime Pits.
 25418 | Lair:6   | Entered Level 6 of the Lair of Beasts
 25601 | Lair:6   | Found a bloodstained altar of Trog.
 25605 | Lair:6   | Reached skill level 1 in Fighting
 26062 | Lair:6   | Offered knowledge of Freezing Cloud by Vehumet.
 26158 | Lair:5   | Learned a level 5 spell: Freezing Cloud
 26384 | Lair:6   | Gained mutation: Your large and strong wings let you fly.
                  | [Black Draconian growth]
 26384 | Lair:6   | Reached XP level 14. HP: 102/102 MP: 19/30
 26491 | Lair:6   | Identified the +11 hunting sling of Karma {freeze, *Slow
                  | rN+ Str+4}
 26568 | Lair:6   | Identified the ring of Ignis's Condemnation {rCorr AC+4
                  | Int+3 Dex-4}
 26596 | Lair:6   | Reached skill level 13 in Air Magic
 26781 | Lair:6   | Found a large runed translucent door.
 26781 | Lair:6   | Found a large runed translucent door.
 27403 | Lair:6   | Learned a level 5 spell: Lightning Bolt
 28607 | D:12     | Noticed Maurice
 28609 | D:12     | Killed Maurice
 28772 | D:12     | Reached skill level 5 in Fighting
 28929 | D:12     | Noticed Urug
 28934 | D:12     | Killed Urug
 29384 | D:12     | Offered knowledge of Eringya's Noxious Bog by Vehumet.
 29408 | D:12     | Found Risuk's General Store.
 29422 | D:12     | Found Kaxech's Antique Weapon Shop.
 29585 | D:12     | Found Qoescha's Antique Armour Boutique.
 29883 | Orc:1    | Entered Level 1 of the Orcish Mines
 30232 | Orc:2    | Entered Level 2 of the Orcish Mines
 30241 | Orc:2    | Found Toxuann's Book Shoppe.
 30266 | Orc:2    | Found Haju's Weapon Emporium.
 30341 | Orc:2    | Noticed an orc warlord
 30358 | Orc:2    | Paralysed by an orc sorcerer for 3 turns
 30693 | Orc:2    | Found a staircase to the Elven Halls.
 30774 | Orc:2    | Noticed rjrrt's ghost (journeyman MiBe)
 30792 | Orc:2    | Killed an orc warlord
 30793 | Orc:2    | Reached skill level 14 in Air Magic
 31026 | Orc:2    | Found Misuh's Antique Weapon Shoppe.
 31063 | Orc:2    | Found Guutz's Antique Armour Shoppe.
 31089 | Orc:2    | Reached XP level 15. HP: 116/116 MP: 18/31
 31181 | Orc:2    | Found Lujymuq's Book Shop.
 31186 | Orc:2    | Found Qyff's General Store.
 31192 | Orc:2    | Bought an Inescapable Atlas for 442 gold pieces
 31195 | Orc:2    | Learned a level 2 spell: Blink
 31290 | Orc:2    | Found Voeteoda's Weapon Emporium.
 31315 | Orc:2    | Found Okojutiu's General Store.
 31373 | Orc:2    | Found Fuerehiez's Jewellery Shoppe.
 31456 | Orc:2    | Found a transporter.
 31464 | Orc:2    | Found a bloodstained altar of Trog.
 31490 | Orc:2    | Found a transporter.
 31760 | Orc:1    | Offered knowledge of Iron Shot by Vehumet.
 33686 | D:13     | Found a gate to the Vaults.
 34014 | D:13     | Got the Reference Book on Icy Calling
 34381 | D:14     | Found a gate leading to a gauntlet.
 34387 | Gauntlet | Entered a Gauntlet
 34387 | Gauntlet | Found a transporter.
 34396 | Gauntlet | Found a transporter.
 34417 | Gauntlet | Found a transporter.
 34417 | Gauntlet | Found a transporter.
 34438 | Gauntlet | Found a transporter.
 34451 | Gauntlet | Found a transporter.
 34465 | Gauntlet | Found a transporter.
 34494 | Gauntlet | Found a transporter.
 34494 | Gauntlet | Found a transporter.
 34499 | Gauntlet | Found a transporter.
 34532 | Gauntlet | Found a transporter.
 34532 | Gauntlet | Found a transporter.
 34647 | Gauntlet | Reached skill level 1 in Evocations
 34657 | Gauntlet | Identified the ring of Limitation {Wiz rF+ rC+ Dex+5}
 34667 | Gauntlet | Gained mutation: You occasionally shout uncontrollably at
                  | your foes. [mutagenic glow]
 34841 | Gauntlet | Identified the ring "Pesh" {rN+ MP+9 Int+2}
 34903 | Gauntlet | Identified the +4 dagger of Berhicaxeo {vorpal, rElec
                  | Int+3}
 34912 | Gauntlet | Got the Almanac of Companions
 35201 | D:15     | Entered Level 15 of the Dungeon
 35499 | D:15     | Offered knowledge of Lee's Rapid Deconstruction by Vehumet.
 36476 | D:15     | Reached skill level 15 in Air Magic
 36587 | D:15     | Found a staircase to the Depths.
 37132 | D:15     | Found a staircase to the Depths.
 38091 | Shoals:1 | Entered Level 1 of the Shoals
 38095 | Shoals:1 | Noticed Jorgrun
 38429 | Shoals:1 | Identified the +4 tower shield of Wu Jian's Envy {Fly rElec
                  | rF+ Int+4}
 38429 | Shoals:1 | Noticed Louise
 38456 | Shoals:1 | Killed Louise
 38641 | Shoals:1 | Reached skill level 15 in Conjurations
 38855 | Shoals:1 | Reached XP level 16. HP: 124/129 MP: 33/33
 39010 | Shoals:1 | Found Nurukhle's Self-Improvement Boutique.
 39023 | Shoals:1 | Killed Jorgrun
 39118 | Shoals:1 | Bought a manual of Fighting for 1360 gold pieces
 39206 | Shoals:1 | Found Vulymna's General Store.
 39214 | Shoals:1 | Bought a potion of curing for 48 gold pieces
 40706 | Shoals:3 | Identified the +5 triple sword "Ysues" {drain, Will+ Dex+3
                  | Stlth+}
 40716 | Shoals:3 | Noticed Polyphemus
 41058 | Shoals:3 | Noticed Ilsuiw
 41804 | Shoals:3 | Noticed Kirke
 41809 | Shoals:3 | Killed Kirke
 41959 | Shoals:3 | Found Pihuaqyv's Jewellery Shoppe.
 42175 | Shoals:3 | Reached skill level 5 in Evocations
 42269 | Shoals:3 | Killed Polyphemus
 42285 | Shoals:3 | Reached skill level 10 in Fighting
 42811 | Shoals:3 | Identified the +11 trident of the Heart {flame, rC+ rCorr
                  | Int-3}
 43346 | Shoals:3 | Killed Ilsuiw
 43746 | Shoals:3 | Found Pihuaqyv's Jewellery Shoppe.
 44118 | Shoals:4 | Entered Level 4 of the Shoals
 44262 | Spider:1 | Entered Level 1 of the Spider Nest
 44282 | Spider:1 | Offered knowledge of Maxwell's Capacitive Coupling by
                  | Vehumet.
 45107 | Spider:2 | Reached skill level 16 in Air Magic
 46641 | Spider:2 | Noticed Asterion
 46644 | Spider:2 | Killed Asterion
 47499 | Orc:2    | Reached XP level 17. HP: 109/144 MP: 7/35
 47696 | Orc:2    | Killed rjrrt's ghost
 48447 | Spider:2 | Upgraded the game from 0.29-a0-25-g7f48f510a0 to
                  | 0.29-a0-40-g8eb35efe60
 48831 | Spider:3 | Noticed Arachne
 51852 | Shoals:4 | Identified the ring of Ficaigh {Fly rElec rPois rC+ MP-9}
 52166 | Shoals:4 | Reached ****** piety under Vehumet
 52236 | Shoals:4 | Learned a level 3 spell: Swiftness
 52274 | Shoals:4 | Offered knowledge of Ignition by Vehumet.
 52274 | Shoals:4 | Offered knowledge of Maxwell's Capacitive Coupling by
                  | Vehumet.
 52633 | Shoals:4 | Reached skill level 17 in Air Magic
 52997 | Shoals:4 | Got a barnacled rune of Zot
 53052 | Shoals:4 | Identified the ring of Pesimm {Wiz rElec rPois rC+ Int+3}
 53538 | Spider:3 | Killed Arachne
 53994 | Spider:4 | Entered Level 4 of the Spider Nest
 53997 | Spider:4 | Identified the +3 fustibalus of Responsibility {flame,
                  | Int+2}
 54028 | Spider:4 | Noticed Donald
 54176 | Spider:4 | Killed Donald
 54418 | Spider:4 | Reached XP level 18. HP: 126/158 MP: 20/36
 55157 | Spider:4 | Reached skill level 15 in Spellcasting
 55637 | Spider:4 | Reached skill level 15 in Dodging
 56403 | Spider:4 | Reached skill level 1 in Shields
 56723 | Spider:4 | Got a gossamer rune of Zot
 56731 | Spider:4 | Identified the -4 pair of boots of Integrity {-Tele +Inv
                  | Regen+ Dex+4}
 57080 | Vaults:1 | Entered Level 1 of the Vaults
 57757 | Vaults:1 | You are sucked into a shaft and drop 1 floor!
 57818 | Vaults:2 | Reached skill level 15 in Fighting
 57840 | Vaults:2 | Killed from afar by an ironbound thunderhulk

Illustrated notes

Levels and vault maps discovered:
D:1:      dpeg_arrival_caged_fury, layout_basic, serial_shops, shop,
          chequers_serial_rivers_small_b, patterned_corridor
D:2:      layout_rooms
D:3:      kennysheep_big_flooded_room, layout_loops_ring, kennysheep_cross_room,
          chequers_decorated_corner, uniq_grinder
D:4:      layout_cave_pools, minmay_temple_entry_overgrown,
          ebering_ghost_sewer_d
D:5:      layout_gridville
D:6:      layout_rooms, trog_wizard, uniq_prince_ribbit1, uniq_sigmund
D:7:      layout_rooms, enter_bailey_6
D:8:      layout_cave_pools, minivault_4
D:9:      layout_loops_ring, dpeg_oklobed_lair, orc_0_dummy, serial_rivers,
          chequers_serial_rivers_marsh, chequers_serial_rivers_large_a,
          chequers_serial_rivers_micro_b, chequers_serial_rivers_small_3,
          chequers_serial_rivers_marsh, chequers_serial_rivers_small_3,
          uniq_gastronok
D:10:     minmay_chambers_of_sixes, layout_loops_corners,
          minmay_misc_feat_diagonals, kennysheep_generic_room_3
D:11:     layout_gridville, serial_shops, nicolae_stop_n_shop_1, special_room
          [special_room_kobold], minmay_hedge_maze, uniq_erolcha
D:12:     wad_woods_minihive, layout_cave_pools, serial_shops, shop,
          nicolae_shop_window_shopping, nicolae_diamond_shop,
          kennysheep_windowed_goal, uniq_urug, uniq_maurice
D:13:     layout_irregular_city, david_vaults_4, minivault_15
D:14:     layout_basic, minmay_misc_feat_columns, gauntlet_entry_generic
D:15:     grunt_enter_depths_hoard, layout_layer_cave,
          nicolae_cairo_tiling_large
Temple:   kilobyte_greek_temple
Lair:1:   layout_cave_shapes, chequers_serial_rivers_micro_d,
          minmay_lair_oklob_items
Lair:2:   layout_cave_pods, portal_ice_cave_rime, serial_bayou_shore_b
Lair:3:   layout_regular_city, elwin_shoals_entry_rooms,
          nicolae_spider_entry_tight_spaces
Lair:4:   layout_regular_city, serial_bayou_shore_a
Lair:5:   layout_big_grid, slime_altar_1
Lair:6:   cheibrodos_lair_end_hotspot, layout_gridlike, basic_altar
Shoals:1: layout_shoals, serial_shops, nicolae_shop_hallway_stairs,
          nicolae_shoals_cliffside_cave, nicolae_shop_self_help, uniq_jorgrun,
          uniq_louise
Shoals:2: layout_shoals
Shoals:3: layout_shoals, serial_shops, nicolae_shop_waterfront, uniq_ilsuiw,
          uniq_kirke, uniq_polyphemus
Shoals:4: shoals_end_grunt_ice, layout_shoals
Spider:1: layout_spider_delve
Spider:2: layout_spider_delve, uniq_asterion
Spider:3: layout_spider_delve, hellmonk_narrow_tunnel,
          hangedman_spider_tarantella_strand, uniq_arachne
Spider:4: grunt_spider_rune_parallel, hellmonk_spider_spawner, uniq_donald
Orc:1:    layout_caves
Orc:2:    grunt_orc_gardens, layout_diamond_mine, grunt_orc_garden,
          grunt_orc_garden, grunt_orc_garden, grunt_orc_garden, serial_shops,
          nicolae_shop_window_shopping, shop, nicolae_diamond_shop,
          nicolae_shop_bloodbath_and_beyond, nicolae_shop_crystal,
          gammafunk_ghost_wrathful_warriors, nicolae_orc_crystal_geode
Vaults:1: biasface_ghost_orc_armoury, nicolae_vaults_sealed_display,
          hangedman_vaults_nodes, vaults_dpeg_doors, v_alt_pattern_2,
          vaults_room_pool, nicolae_vaults_three_branches,
          nicolae_vaults_border_crossing, nicolae_vaults_asterisk, v_pattern_5,
          nicolae_vaults_circle_grid_b, vaults_dpeg_ring,
          vaults_dpeg_encased_lava, vaults_mumra_chevron, vaults_room_pool,
          ontoclasm_vaults_echo, layout_vaults_maze_bifur
Vaults:2: ontoclasm_vaults_shout, minmay_crypt_entry_simple_box,
          v_alt_pattern_1, v_alt_pattern_3, v_misc_17,
          nicolae_vaults_mini_display_case, layout_vaults_quadrants,
          serial_shops, bzr_entry_road

Skill      XL: |  1  2  3  4  5  6  7  8  9 10 11 12 13 14 15 16 17 18 |
---------------+-------------------------------------------------------+-----
Dodging        | 2 3 4 5 6 7 8 9 10 11 12 13 14 15 | 15.3
Spellcasting   | 3 4 5 6 7 8 9 11 12 13 14 15 | 15.3
Conjurations   | 5 6 8 9 10 11 12 13 14 15 16 | 16.9
Air Magic      | 4 7 9 11 12 14 15 16 17 | 17.8
Fighting       | 3 6 8 11 13 15 | 15.0
Evocations     | 3 6 8 9 |  9.1
Shields        | 3 |  3.3
Stealth        | |  1.7

Action                   |  1- 3 |  4- 6 |  7- 9 | 10-12 | 13-15 | 16-18 || total
-------------------------+-------+-------+-------+-------+-------+-------++-------
Melee: Dagger            |    29 |     6 |     9 |       |       |       ||    44
       Unarmed           |    11 |       |       |       |       |       ||    11
       Tailslap          |     5 |     2 |     4 |       |     1 |     4 ||    16
       Long sword        |       |       |     1 |       |       |       ||     1
       Staff             |       |       |       |    14 |    11 |    20 ||    45
Throw: Dart              |       |       |       |     8 |       |       ||     8
 Cast: Magic Dart        |    43 |    90 |   280 |    93 |       |       ||   506
       Searing Ray       |     3 |    10 |    57 |    76 |    17 |    12 ||   175
       Fulminant Prism   |       |       |       |    35 |     1 |       ||    36
       Mephitic Cloud    |       |       |       |    29 |    27 |     4 ||    60
       Airstrike         |       |       |       |   295 |   242 |   222 ||   759
       Iskenderun's Myst |       |       |       |    22 |   119 |   248 ||   389
       Conjure Ball Ligh |       |       |       |       |     9 |       ||     9
       Freezing Cloud    |       |       |       |       |    96 |   275 ||   371
       Lightning Bolt    |       |       |       |       |   247 |   211 ||   458
       Blink             |       |       |       |       |       |     1 ||     1
       Swiftness         |       |       |       |       |       |     3 ||     3
 Abil: Breathe Lightning |       |       |     4 |     2 |     1 |     1 ||     8
Evoke: Phial of floods   |       |       |       |       |       |     2 ||     2
       Wand              |       |       |       |       |       |     6 ||     6
       Lightning rod     |       |       |       |       |       |     7 ||     7
       Box of beasts     |       |       |       |       |       |     2 ||     2
       Tin of tremorston |       |       |       |       |       |     2 ||     2
  Use: Scroll            |     1 |     1 |       |     5 |    12 |    13 ||    32
       Potion            |       |       |       |       |     1 |     3 ||     4
 Stab: Confused          |       |       |       |       |     1 |       ||     1
Armor: Skin              |    26 |    12 |    33 |    66 |   108 |   189 ||   434
Dodge: Dodged            |    45 |    12 |   100 |   208 |   129 |   202 ||   696
Block: Buckler           |       |     2 |    14 |    27 |    13 |       ||    56
       Kite shield       |       |       |       |       |    23 |   105 ||   128

Table legend: (Time is in decaauts)
 A = Elapsed time spent in this place.
 B = Non-inter-level travel time spent in this place.
 C = Inter-level travel time spent in this place.
 D = Time resting spent in this place.
 E = Time spent auto-exploring this place.
 F = Levels seen in this place.
 G = Mean time per level.
                   A        B        C        D        E       F      G
               +--------+--------+--------+--------+--------+-----+--------+
         Total |  58083 |  55615 |   2468 |  11231 |  33416 |  37 | 1569.8 |
       Dungeon |  23431 |  22305 |   1126 |   3257 |  15212 |  15 | 1562.1 |
        Temple |     74 |     74 |      0 |      0 |     39 |   1 |   74.0 |
          Lair |   9318 |   8687 |    631 |    849 |   6386 |   6 | 1553.0 |
        Shoals |   8720 |   8416 |    304 |   2237 |   4650 |   4 | 2180.0 |
   Spider Nest |   8936 |   8628 |    308 |   3077 |   3590 |   4 | 2234.0 |
  Orcish Mines |   2906 |   2809 |     97 |    739 |   1267 |   2 | 1453.0 |
        Vaults |    633 |    633 |      0 |     52 |    358 |   2 |  316.5 |
        Bailey |   2671 |   2671 |      0 |    321 |   1542 |   1 | 2671.0 |
      Ice Cave |    854 |    854 |      0 |    641 |     64 |   1 |  854.0 |
      Gauntlet |    535 |    535 |      0 |     58 |    306 |   1 |  535.0 |
               +--------+--------+--------+--------+--------+-----+--------+

Top non-repeatable levels by time:
     D:1: 3137 daAuts
  Bailey: 2671 daAuts
Shoals:4: 2610 daAuts
  Lair:6: 2481 daAuts
    D:15: 2461 daAuts
Shoals:3: 2428 daAuts
    D:10: 2372 daAuts
Spider:3: 2352 daAuts
Spider:4: 2226 daAuts
Spider:2: 2188 daAuts
Spider:1: 2169 daAuts
  Lair:3: 2125 daAuts
Shoals:2: 2027 daAuts
    D:11: 2014 daAuts
     D:9: 1876 daAuts
